 Seeded DCSS version 0.29.1-13-g9f3cf754e1 (webtiles) character file.

Game seed: 16245865983455551772 (custom seed)

4 OTABOTABOTAB the Conjurer (level 1, 10/10 HPs)
             Began as a Deep Elf Conjurer on Jan 24, 2023.
             Quit the game on level 1 of the Dungeon.
             The game lasted 00:01:25 (109 turns).

OTABOTABOTAB the Conjurer (Deep Elf Conjurer)        Turns: 109, Time: 00:01:26

Health: 10/10      AC:  5    Str:  4    XL:     1   Next: 50%
Magic:  5/6        EV: 12    Int: 22    God:
Gold:   0          SH:  0    Dex: 13    Spells: 5/6 levels left

rFire   + . .      SeeInvis .   f - +8 lance "Wyrmbane" {slay drac, rPois rF+ rC+ AC+3}
rCold   + . .      Faith    .   (no shield)
rNeg    . . .      Spirit   .   a - +0 robe
rPois   +          Reflect  .   (no helmet)
rElec   .          Harm     .   (no cloak)
rCorr   .          Rampage  .   (no gloves)
Will    .....                   (no boots)
Stlth   ++........              (no amulet)
HPRegen 0.03/turn               (no ring)
MPRegen 0.10/turn               (no ring)

@: no status effects
A: no striking features
a: no special abilities


You were on level 1 of the Dungeon.
You visited 1 branch of the dungeon, and saw 1 of its levels.

Inventory:

Hand Weapons
 f - the +8 lance "Wyrmbane" (weapon) {slay drac, rPois rF+ rC+ AC+3}
   (You acquired it on level 1 of the Dungeon)

   It inflicts extra damage against dragons and draconians.
   AC:        It affects your AC (+3).
   rF:        It protects you from fire.
   rC:        It protects you from cold.
   rPois:     It protects you from poison.
Armour
 a - a +0 robe (worn)
Potions
 M - a potion of magic


   Skills:
 - Level 2.4 Dodging
 - Level 2.4 Stealth
 + Level 3.1 Spellcasting
 * Level 4.5 Conjurations


You had 5 spell levels left.
You knew the following spells:

 Your Spells              Type           Power      Damage    Failure   Level
a - Magic Dart            Conj           92%        1d7       1%          1

Your spell library contained the following spells:

 Spells                   Type           Power      Damage    Failure   Level
 Searing Ray              Conj           46%        2d6       2%          2
 Dazzling Flash           Conj/Hex       26%        N/A       14%         3
 Fulminant Prism          Conj/Hex       6%         3d7       43%         4
 Iskenderun's Mystic Bla  Conj/Tloc      13%        2d5       43%         4


Dungeon Overview and Level Annotations

Branches:
Dungeon (1/15)

Altars:


Message History

Bad channel name for runrest: 'Jiyva says: Divide and consume' Welcome, OTABOTABOTAB the Deep Elf Conjurer.
Game seed: 16245865983455551772 (custom seed)
Found a sling.
Found a staircase leading out of the dungeon.
b - a +0 sling
Found an escape hatch in the floor.
Found an escape hatch in the floor.
c - a +0 dagger A goblin comes into view.
It is wielding a +0 dagger.
The goblin shouts!
A quokka comes into view.
The magic dart hits the goblin.
You now have 5/6 mp.
The magic dart hits the goblin.
You kill the goblin!
You now have 4/6 mp.
The magic dart hits the quokka.
You now have 3/6 mp.
No target in view!
No target in view!
A quokka is nearby!
The magic dart hits the quokka.
You kill the quokka!
You now have 2/6 mp.
No target in view!
d - a +0 dagger You see here a goblin corpse.
s - 6 stones An endoplasm comes into view.
You see here 3 scrolls labelled WAC GOIFOFITOUPLEC.
The magic dart hits the endoplasm.
You regained 3 mp, and now have 5/6 mp.
The magic dart hits the endoplasm.
You kill the endoplasm!
You now have 4/6 mp.
No target in view!
Okay, then.
e - 3 scrolls labelled WAC GOIFOFITOUPLEC This is a scroll of acquirement!
Unknown command.
Unknown command.
Unknown command.
Something appears at your feet!
f - the +8 lance "Wyrmbane" {slay drac, rPois rF+ rC+ AC+3} You feel an overwhelming desire to slay dragons!
f - the +8 lance "Wyrmbane" (weapon)
{slay drac, rPois rF+ rC+ AC+3} You drop a +0 sling.
You drop a +0 dagger. x2
You drop 6 stones.
Something appears at your feet!
Okay, then.
Something appears at your feet!

## #. #.# #
#.######..##
##.##.#.@.......
........#..#....
##.##...#..# .
#...###.#
#...#.#..
#..##.##.#
#..#...#.. ...
##.##...##.## ...
#..#...†.#..#....


There were no monsters in sight!

Vanquished Creatures
  An endoplasm (D:1)
  A goblin (D:1)
  A quokka (D:1)
3 creatures vanquished.

Notes
Turn   | Place    | Note
-------+----------+-------------------------------------------
     0 | D:1      | OTABOTABOTAB the Deep Elf Conjurer began the quest for the
                  | Orb.
     0 | D:1      | Reached XP level 1. HP: 10/10 MP: 6/6
   100 | D:1      | Identified 3 scrolls of acquirement
   100 | D:1      | Acquired the +8 lance "Wyrmbane" {slay drac, rPois rF+ rC+
                  | AC+3}
   100 | D:1      | Found the +8 lance "Wyrmbane" {slay drac, rPois rF+ rC+
                  | AC+3}
   107 | D:1      | Acquired 486 gold pieces
   108 | D:1      | Acquired 976 gold pieces
   109 | D:1      | Quit the game

Illustrated notes

Levels and vault maps discovered:
D:1:      minmay_arrival_hallway, layout_loops_corners, basic_ecumenical_altar,
          minmay_unequal

Action                   || total
-------------------------++-------
 Cast: Magic Dart        ||     6
  Use: Scroll            ||     3

Table legend: (Time is in decaauts)
 A = Elapsed time spent in this place.
 B = Non-inter-level travel time spent in this place.
 C = Inter-level travel time spent in this place.
 D = Time resting spent in this place.
 E = Time spent auto-exploring this place.
 F = Levels seen in this place.
 G = Mean time per level.
                   A        B        C        D        E       F      G
               +--------+--------+--------+--------+--------+-----+--------+
         Total |    108 |    108 |      0 |      0 |     87 |   1 |  108.0 |
       Dungeon |    108 |    108 |      0 |      0 |     87 |   1 |  108.0 |
               +--------+--------+--------+--------+--------+-----+--------+

Top non-repeatable levels by time:
     D:1: 108 daAuts

Table legend:
 A = Kills in this place as a percentage of kills in entire the game.
 B = Kills by you in this place as a percentage of kills by you in the entire game.
 C = Kills by friends in this place as a percentage of kills by friends in the entire game.
 D = Other kills in this place as a percentage of other kills in the entire game.
 E = Experience gained in this place as a percentage of experience gained in the entire game.
 F = Experience gained in this place divided by the number of levels of this place that you have seen.
                   A       B       C       D       E      F
               +-------+-------+-------+-------+-------+----------------------
         Total | 100.0 | 100.0 |   N/A |   N/A | 100.0 |   6.0
       Dungeon | 100.0 | 100.0 |   N/A |   N/A | 100.0 |   6.0
               +-------+-------+-------+-------+-------+----------------------
